% Time on Ice - TEXAS TOROS
Lines # - Real PCT - Wanted PCT - Time Play
Normal Forward
1 - 32% - 36% - 17:27
2 - 31% - 31% - 16:53
3 - 25% - 23% - 13:17
4 - 11% - 10% - 6:05
Normal Defense
1 - 21% - 36% - 11:15
2 - 38% - 31% - 20:23
3 - 16% - 23% - 8:47
4 - 25% - 10% - 13:17
PP Forward
1 - 0% - 55%
2 - 0% - 45%
PP Defense
1 - 0% - 55%
2 - 0% - 45%
PK Forward
1 - 64% - 55% - 3:47
2 - 36% - 45% - 2:10
PK Defense
1 - 51% - 55% - 3:03
2 - 49% - 45% - 2:54
PK3 Forward
1 - 0% - 55%
2 - 0% - 45%
PK3 Defense
1 - 0% - 55%
2 - 0% - 45%
44 Forward
1 - 0% - 55%
2 - 0% - 45%
44 Defense
1 - 0% - 55%
2 - 0% - 45%
Last Minute Offensive  - 0:21
Last Minute Defensive  - 0:00
Total
Forward - 60:00
Defense - 60:00
% Time on Ice - LONG BEACH BARACUDAS
Lines # - Real PCT - Wanted PCT - Time Play
Normal Forward
1 - 33% - 36% - 17:48
2 - 31% - 32% - 16:53
3 - 23% - 22% - 12:30
4 - 12% - 10% - 6:39
Normal Defense
1 - 35% - 36% - 18:38
2 - 31% - 31% - 16:35
3 - 28% - 23% - 15:07
4 - 7% - 10% - 3:30
PP Forward
1 - 52% - 55% - 3:04
2 - 48% - 45% - 2:53
PP Defense
1 - 49% - 55% - 2:56
2 - 51% - 45% - 3:01
PK Forward
1 - 0% - 55%
2 - 0% - 45%
PK Defense
1 - 0% - 55%
2 - 0% - 45%
PK3 Forward
1 - 0% - 55%
2 - 0% - 45%
PK3 Defense
1 - 0% - 55%
2 - 0% - 45%
44 Forward
1 - 0% - 55%
2 - 0% - 45%
44 Defense
1 - 0% - 55%
2 - 0% - 45%
Last Minute Offensive  - 0:00
Last Minute Defensive  - 0:13
Total
Forward - 60:00
Defense - 60:00
Play-by-Play 1st period 0:01 of 1st period - Brock Nelson wins face-off versus Eetu Luostarinen in neutral zone. 0:18 of 1st period - Shot by Robert Fabbri. 0:18 of 1st period - Deflect By Brock Nelson. 0:18 of 1st period - Stopped by Jakub Skarek without a rebound. 0:19 of 1st period - Joshua Norris wins face-off versus Ryan Poehling in TEXAS TOROS zone. 0:28 of 1st period - Shot by Joshua Norris. 0:28 of 1st period - Stopped by Jakub Skarek without a rebound. 0:29 of 1st period - Derek Stepan wins face-off versus John Quenneville in TEXAS TOROS zone. 0:56 of 1st period - Shot by Derek Stepan. 0:56 of 1st period - Shot Blocked by Madison Bowey. 1:44 of 1st period - Shot by Jaden Schwartz. 1:44 of 1st period - Deflect By Joshua Norris. 1:44 of 1st period - Shot Blocked by Gabriel Carlsson. 1:46 of 1st period - Shot by Joshua Norris. 1:46 of 1st period - Stopped by Jakub Skarek without a rebound. 1:47 of 1st period - Ryan Poehling wins face-off versus Brock Nelson in TEXAS TOROS zone. 1:55 of 1st period - Max Domi is hit by Vince Dunn and loses puck. 4:21 of 1st period - Jason Zucker is hit by Jaden Schwartz and loses puck. 5:11 of 1st period - J.T. Compher is hit by Madison Bowey and loses puck. 5:23 of 1st period - Icing by Gabriel Carlsson. 5:24 of 1st period - Brock Nelson wins face-off versus Connor Bunnaman in TEXAS TOROS zone. 5:35 of 1st period - Shot by Max Domi. 5:35 of 1st period - Shot Misses the Net. 5:53 of 1st period - Shot by Robert Fabbri. 5:53 of 1st period - Goal by Robert Fabbri - TEXAS TOROS : 0 - LONG BEACH BARACUDAS : 1. 5:54 of 1st period - Ryan Poehling wins face-off versus Jakub Voracek in neutral zone. 6:37 of 1st period - Shot by Jaden Schwartz. 6:37 of 1st period - Stopped by Jakub Skarek with a rebound. 7:10 of 1st period - Shot by Brock Nelson. 7:10 of 1st period - Deflect By Robert Fabbri. 7:10 of 1st period - Stopped by Jakub Skarek without a rebound. 7:11 of 1st period - John Quenneville wins face-off versus J.T. Compher in TEXAS TOROS zone. 7:11 of 1st period - John Quenneville is hit by Taylor Hall. 7:12 of 1st period - John Quenneville from TEXAS TOROS is injured at 7:12 of 1st period (Groin). 7:13 of 1st period - Derek Stepan wins face-off versus Taylor Raddysh in TEXAS TOROS zone. 7:39 of 1st period - Minor Penalty to Jake Virtanen for Roughing. 7:40 of 1st period - Connor Bunnaman wins face-off versus Victor Rask in TEXAS TOROS zone. 7:59 of 1st period - Shot by Victor Rask. 7:59 of 1st period - Shot Misses the Net. 9:22 of 1st period - Off-side. 9:23 of 1st period - Victor Rask wins face-off versus Taylor Raddysh in neutral zone. 9:45 of 1st period - Shot by Alex Pietrangelo. 9:45 of 1st period - Stopped by Jakub Skarek without a rebound. 9:46 of 1st period - Derek Stepan wins face-off versus Jake Virtanen in TEXAS TOROS zone. 10:05 of 1st period - Shot by Taylor Hall. 10:05 of 1st period - Shot Misses the Net. 10:07 of 1st period - Shot by J.T. Compher. 10:07 of 1st period - Stopped by Jakub Skarek without a rebound. 10:08 of 1st period - Ryan Poehling wins face-off versus Joshua Norris in TEXAS TOROS zone. 10:51 of 1st period - Off-side. 10:52 of 1st period - Eetu Luostarinen wins face-off versus Brock Nelson in neutral zone. 11:07 of 1st period - Shot by Eetu Luostarinen. 11:07 of 1st period - Shot Misses the Net. 12:16 of 1st period - Shot by Patrick Marleau. 12:16 of 1st period - Shot Misses the Net. 12:18 of 1st period - Shot by Patrick Marleau. 12:18 of 1st period - Stopped by Jakub Skarek without a rebound. 12:19 of 1st period - Joshua Norris wins face-off versus Ryan Poehling in TEXAS TOROS zone. 12:20 of 1st period - Shot by Jakub Voracek. 12:20 of 1st period - Shot Blocked by Vince Dunn. 13:14 of 1st period - Off-side. 13:15 of 1st period - Connor Bunnaman wins face-off versus Brock Nelson in neutral zone. 13:30 of 1st period - Shot by Connor Bunnaman. 13:30 of 1st period - Shot Misses the Net. 13:48 of 1st period - Shot by Max Domi. 13:48 of 1st period - Stopped by Jakub Skarek with a rebound. 14:16 of 1st period - Shot by J.T. Compher. 14:16 of 1st period - Stopped by Jakub Skarek with a rebound. 14:28 of 1st period - Shot by J.T. Compher. 14:28 of 1st period - Stopped by Jakub Skarek without a rebound. 14:29 of 1st period - Joshua Norris wins face-off versus Eetu Luostarinen in TEXAS TOROS zone. 15:00 of 1st period - Shot by Alex Chiasson. 15:00 of 1st period - Deflect By Jason Zucker. 15:00 of 1st period - Shot Misses the Net. 15:02 of 1st period - Shot by Alex Chiasson. 15:02 of 1st period - Shot Misses the Net. 15:28 of 1st period - Derek Stepan is hit by Wade Allison and loses puck. 15:50 of 1st period - Miles Wood is hit by J.T. Compher and loses puck. 16:27 of 1st period - Shot by Alex Pietrangelo. 16:27 of 1st period - Stopped by Jakub Skarek with a rebound. 17:33 of 1st period - Shot by Victor Rask. 17:33 of 1st period - Stopped by Jakub Skarek without a rebound. 17:34 of 1st period - Taylor Raddysh wins face-off versus Joshua Norris in TEXAS TOROS zone. 17:45 of 1st period - Shot by Jake Virtanen. 17:45 of 1st period - Goal by Jake Virtanen - TEXAS TOROS : 1 - LONG BEACH BARACUDAS : 1. 17:46 of 1st period - Derek Stepan wins face-off versus Ryan Poehling in neutral zone. 17:51 of 1st period - Vince Dunn is hit by Taylor Hall and loses puck. 18:19 of 1st period - Shot by J.T. Compher. 18:19 of 1st period - Shot Misses the Net. 18:38 of 1st period - Taylor Hall is hit by Eetu Luostarinen. 18:39 of 1st period - Icing by Taylor Hall. 18:40 of 1st period - Derek Stepan wins face-off versus Taylor Raddysh in LONG BEACH BARACUDAS zone. 19:55 of 1st period - Shot by Jason Zucker. 19:55 of 1st period - Shot Misses the Net. Goals for this period are 1 for TEXAS TOROS vs 1 for LONG BEACH BARACUDAS. Shots for this period are 1 for TEXAS TOROS vs 14 for LONG BEACH BARACUDAS. 2nd period 0:01 of 2nd period - Brock Nelson wins face-off versus Eetu Luostarinen in neutral zone. 0:16 of 2nd period - Alex Pietrangelo is hit by Eetu Luostarinen and loses puck. 1:24 of 2nd period - Shot by Jaden Schwartz. 1:24 of 2nd period - Stopped by Jakub Skarek with a rebound. 1:26 of 2nd period - Shot by Andrew Welinski. 1:26 of 2nd period - Deflect By Jaden Schwartz. 1:26 of 2nd period - Stopped by Jakub Skarek with a rebound. 1:28 of 2nd period - Shot by Joshua Norris. 1:28 of 2nd period - Shot Misses the Net. 1:30 of 2nd period - Shot by Jaden Schwartz. 1:30 of 2nd period - Stopped by Jakub Skarek with a rebound. 1:32 of 2nd period - Shot by Michael Del Zotto. 1:32 of 2nd period - Stopped by Jakub Skarek without a rebound. 1:33 of 2nd period - Victor Rask wins face-off versus Taylor Raddysh in TEXAS TOROS zone. 1:44 of 2nd period - Shot by Patrick Marleau. 1:44 of 2nd period - Shot Blocked by Vince Dunn. 1:46 of 2nd period - Shot by P.K. Subban. 1:46 of 2nd period - Deflect By Victor Rask. 1:46 of 2nd period - Shot Misses the Net. 1:48 of 2nd period - Shot by Victor Rask. 1:48 of 2nd period - Deflect By Patrick Marleau. 1:48 of 2nd period - Shot Misses the Net. 2:20 of 2nd period - Off-side. 2:21 of 2nd period - Brock Nelson wins face-off versus Ryan Poehling in neutral zone. 3:06 of 2nd period - Max Domi is hit by Thomas Schemitsch and loses puck. 3:17 of 2nd period - Shot by Jakub Voracek. 3:17 of 2nd period - Shot Misses the Net. 3:19 of 2nd period - Shot by Jakub Voracek. 3:19 of 2nd period - Shot Misses the Net. 3:21 of 2nd period - Shot by Joshua Norris. 3:21 of 2nd period - Stopped by Jakub Skarek without a rebound. 3:22 of 2nd period - Joshua Norris wins face-off versus Eetu Luostarinen in TEXAS TOROS zone. 4:22 of 2nd period - Icing by Nate Schmidt. 4:23 of 2nd period - Brock Nelson wins face-off versus Connor Bunnaman in TEXAS TOROS zone. 4:41 of 2nd period - Shot by Jake Virtanen. 4:41 of 2nd period - Stopped by Martin Jones with a rebound. 5:14 of 2nd period - Shot by Derek Stepan. 5:14 of 2nd period - Goal by Derek Stepan - TEXAS TOROS : 1 - LONG BEACH BARACUDAS : 2. 5:15 of 2nd period - Eetu Luostarinen wins face-off versus Joshua Norris in neutral zone. 5:27 of 2nd period - Icing by Jake Gardiner. 5:28 of 2nd period - Joshua Norris wins face-off versus Ryan Poehling in LONG BEACH BARACUDAS zone. 5:28 of 2nd period - Joshua Norris is hit by Wade Allison. 5:54 of 2nd period - Off-side. 5:55 of 2nd period - Eetu Luostarinen wins face-off versus Brock Nelson in neutral zone. 6:23 of 2nd period - Icing by Jason Zucker. 6:24 of 2nd period - Alex Chiasson wins face-off versus Joshua Norris in TEXAS TOROS zone. 7:00 of 2nd period - Michael Del Zotto is hit by Jason Zucker. 7:07 of 2nd period - Icing by Michael Del Zotto. 7:08 of 2nd period - Joshua Norris wins face-off versus Ryan Poehling in LONG BEACH BARACUDAS zone. 8:22 of 2nd period - Shot by Brock Nelson. 8:22 of 2nd period - Shot Misses the Net. 9:17 of 2nd period - Off-side. 9:18 of 2nd period - Connor Bunnaman wins face-off versus Victor Rask in neutral zone. 9:48 of 2nd period - Shot by Patrick Marleau. 9:48 of 2nd period - Shot Misses the Net. 10:44 of 2nd period - Shot by J.T. Compher. 10:44 of 2nd period - Stopped by Jakub Skarek without a rebound. 10:45 of 2nd period - Brock Nelson wins face-off versus Ryan Poehling in TEXAS TOROS zone. 10:45 of 2nd period - Brock Nelson is hit by Madison Bowey. 10:46 of 2nd period - Minor Penalty to Madison Bowey for Holding. 10:47 of 2nd period - Brock Nelson wins face-off versus Wade Allison in TEXAS TOROS zone. 11:07 of 2nd period - Icing by Alexandre Texier. 11:08 of 2nd period - Brock Nelson wins face-off versus Wade Allison